 Dungeon Crawl Stone Soup version 0.14-a0-3445-g2afddda (webtiles) character file.

275947 Psiweapon the Stickfighter (level 20, -8/131 HPs)
             Began as a Gargoyle Gladiator on Mar 21, 2014.
             Was the Champion of Okawaru.
             Killed from afar by an ogre mage (49 damage)
             ... with a crystal spear
             ... on Level 1 of the Vaults on Mar 23, 2014.
             The game lasted 06:54:02 (56868 turns).

Psiweapon the Stickfighter (Gargoyle Gladiator)    Turns: 56868, Time: 06:54:02

HP  -8/131       AC 50     Str 30      XL: 20   Next: 26%
MP  36/37        EV  8     Int 10      God: Okawaru [******]
Gold 3538        SH  0     Dex 10      Spells:  0 memorised, 19 levels left

rFire  + . .     SeeInvis .     d - +5,+4 lajatang (elec)
rCold  . . .     Clarity  +     Z - +4 plate armour {rF+}
rNeg   + . .     Conserve +     (no shield)
rPois  +         rCorr    +     (helmet restricted)
rElec  +         rRot     +     J - +2 cloak {rCorr, Cons}
SustAb . .       Spirit   .     v - +2 pair of gloves {Str+3}
rMut   .         Warding  .     (no boots)
Saprov . . .     Stasis   .     b - amulet of clarity
MR     +....                    F - ring of invisibility
                                L - ring of regeneration

@: about to teleport, flying, heroism, somewhat resistant to hostile
enchantments, extremely unstealthy
A: antennae 1, large and strong wings, slimy green scales 1, yellow scales 1,
life protection 1, electricity resistance, unbreathing, petrification
resistance, AC +15
a: Stop Flying, Heroism, Finesse, Renounce Religion, Evoke Invisibility
}: 2/15 runes: decaying, serpentine


You were on level 1 of the Vaults.
You worshipped Okawaru.
Okawaru was exalted by your worship.
You were hungry.

You visited 8 branches of the dungeon, and saw 40 of its levels.

You collected 3915 gold pieces.
You spent 377 gold pieces at shops.

Inventory:

Hand weapons
 c - the +7,+7 crossbow "Shyunugu" {frost, -Cast rC+}
   (You found it on level 1 of the Vaults)

   It turns projectiles fired from it into bolts of frost.
   It protects you from cold.
   It prevents spellcasting.
 d - a +5,+4 lajatang of electrocution (weapon)
 r - the +11,+6 glaive "Jusamieg" {venom, rF+ SInv}
   (You found it on level 6 of the Lair of Beasts)

   It poisons the flesh of those it strikes.
   It protects you from fire.
   It enhances your eyesight.
 H - a +3,+1 quarterstaff of speed
Missiles
 o - 44 bolts of penetration
 A - 13 darts of dispersal
 X - 3 javelins (quivered)
Armour
 v - a +2 pair of gloves of strength (worn)
 J - a +2 cloak of preservation (worn)
 M - the +1 cloak "Khicyam" {rPois rF+ rC+ Acc+4}
   (Okawaru gifted it to you on level 2 of the Snake Pit)

   It affects your accuracy with ranged weapons and melee attacks (+4).
   It protects you from fire.
   It protects you from cold.
   It protects you from poison.
 Z - a +4 plate armour of fire resistance (worn)
Magical devices
 h - a wand of fire (2)
 j - a wand of hasting (2)
 s - a wand of paralysis (6)
 u - a wand of invisibility (3)
 w - a wand of slowing (11)
 y - a wand of enslavement (8)
 I - a wand of heal wounds (4)
 R - a wand of teleportation (0)
Comestibles
 f - 8 bread rations
Scrolls
 i - 4 scrolls of fear
 k - 3 scrolls of fog
 l - 3 scrolls of teleportation
 p - 3 scrolls of remove curse
 t - 3 scrolls of immolation
 B - a scroll of summoning
 D - 3 scrolls of silence
 U - a scroll of blinking
Jewellery
 a - an uncursed ring of protection from magic
 b - an amulet of clarity (around neck)
 g - an uncursed ring of see invisible {unknown}
 q - an uncursed amulet of stasis
 C - an uncursed ring of protection from cold
 F - a ring of invisibility (right hand)
 L - a ring of regeneration (left hand)
 V - an uncursed amulet of resist mutation
Potions
 e - 3 potions of haste
 m - a potion of porridge
 n - 3 potions of heal wounds
 x - 2 potions of restore abilities
 z - 12 potions of curing
 G - a potion of magic
 K - 5 potions of agility
 N - 2 potions of resistance
 Q - a potion of might
 Y - 2 potions of invisibility
Miscellaneous
 E - a phial of floods
 O - a disc of storms
 W - a lantern of shadows
Rods
 P - a +2 rod of clouds (6/12)
   (You found it on level 14 of the Dungeon)
 S - a +1 rod of fiery destruction (13/13)
   (You found it on level 7 of the Dungeon)


   Skills:
 - Level 16.1(21.1) Fighting
 + Level 9.0(14.0) Polearms
 - Level 19.0(24.0) Staves
 - Level 5.6(10.6) Crossbows
 - Level 2.0(7.0) Throwing
 + Level 16.4(21.4) Armour
 - Level 2.4(7.4) Dodging
 - Level 8.3 Invocations
 + Level 18.6 Evocations


You had 19 spell levels left.
You didn't know any spells.

Dungeon Overview and Level Annotations

Branches:
Dungeon (15/15)            Temple (1/1) D:4             Orc (4/4) D:12
    Elf (0/3) Orc:4          Lair (8/8) D:10          Swamp (5/5) Lair:5
  Snake (5/5) Lair:3        Slime (0/6) Lair:8       Vaults (1/5) D:14
 Depths (1/5) D:15

Altars:
Ashenzari
Cheibriados
Dithmenos
Elyvilon
Fedhas
Kikubaaqudgha
Makhleb
Nemelex Xobeh
Okawaru
Sif Muna
Trog
Vehumet
Xom
Yredelemnul
Zin
The Shining One
Beogh

Shops:
D:4 [   D:5 }   D:9 !?   D:12 (   D:13 (   Orc:4 ([*=   Snake:1 [   Snake:2 *
Snake:5 *

Annotations:
Vaults:1 Asterion
Depths:1 1 exclusion, Mara


Innate Abilities, Weirdness & Mutations

You are resistant to torment.
You are immune to poison.
You can fly continuously.
Your stone body is very resilient (AC +15).
Your wings are large and strong.
You resist negative energy.
You are resistant to electric shocks.
You can survive without breathing.
You are immune to petrification.
You have a pair of small antennae on your head.
You are partially covered in slimy green scales (AC +2).
You are partially covered in yellow scales (AC +2).


Message History

The ogre mage casts a spell at you. The crystal spear hits you!
Ouch! That really hurt!
* * * LOW HITPOINT WARNING * * *
Drink which item? (? for menu, Esc to quit)
You feel much better.
The vault warden is engulfed in poison gas.
The vault warden hits you but does no damage.
The ironheart preserver is engulfed in poison gas.
The slime creature hits you but does no damage.
The ogre mage completely misses you.
Evoke which item? (* to show all) (? for menu, Esc to quit)
Zapping:
R - a wand of teleportation (1)
Press: ? - help, Shift-Dir - straight line, f - you, p - slime creature You feel strangely unstable.
This wand has 0 charges left.
The ironheart preserver is engulfed in poison gas.
The slime creature closely misses you.
The ogre mage points at you and mumbles some strange words.
The crystal spear hits you!
You die...

#..............
#..............
#..............
#......######## #......#
####......# #####
#..#......#
#§§§(H#O.#......#
#§§.@@J@.#......########
#§§§§@#..#......#.......
#.§§. #..+......#.......
######## #..#
####...)..#.......
.....'.# #.
#......#....... .....#.#
#......#......p ..####)#
#......#...>... ).#$}###
#......#....... ..#)%+
#......#.......


You could see Asterion, 2 vault wardens, an ironheart preserver, a slime
creature, an ogre mage and a spectral runed demon whip.

Vanquished Creatures
  the Lernaean hydra (Swamp:5)
  Norris (Snake:4)
  Rupert (Lair:5)
  2 tengu reavers (Depths:1)
  2 thorn hunters
  The ghost of ghwc the Tortoise, a powerful MiFi of Makhleb (Snake:2)
  10 greater nagas
  A frost giant (Depths:1)
  Aizul (Swamp:4)
  Louise (Swamp:5)
  2 orc warlords
  3 vault wardens (Vaults:1)
  Jorgrun (Snake:2)
  The ghost of omil the Eclecticist, a powerful SpVM of Sif Muna (Swamp:2)
  An ettin (D:15)
  4 vault guards (D:14)
  Snorg (Lair:5)
  Josephine (Swamp:1)
  2 ironheart preservers (Vaults:1)
  18 naga warriors
  A rakshasa (Vaults:1)
  19 hydras
  14 anacondas
  Erica (Lair:8)
  2 shambling mangroves
  8 alligators
  2 deep troll shamans
  A deep troll earth mage (Depths:1)
  6 tengu warriors
  2 ogre magi
  2 orc high priests
  8 naga sharpshooters
  2 catoblepae
  11 shock serpents
  4 centaur warriors
  5 salamander mystics
  5 sea snakes (Snake:2)
  A very ugly thing (Vaults:1)
  13 deep trolls
  5 skeletal warriors (Vaults:1)
  13 swamp dragons
  4 hill giants
  14 naga ritualists
  9 orc knights
  Pikel (D:7)
  A harpy (Depths:1)
  A necromancer (Vaults:1)
  An ironbrand convoker (Vaults:1)
  13 mana vipers
  A deep elf conjurer (Vaults:1)
  A human zombie (Vaults:1)
  3 griffons
  3 red wasps
  4 orc sorcerers
  4 cyclopes
  2 vault sentinels (Vaults:1)
  17 salamanders
  A sixfirhy (Orc:4)
  Maurice (D:10)
  5 guardian serpents
  A manticore (D:14)
  3 gargoyles
  30 naga magi
  27 black mambas
  26 elephants
  Psyche (D:13)
  3 kobold demonologists (Vaults:1)
  A feature mimic (D:11)
  A vapour (Swamp:5)
  A centaur zombie (D:15)
  13 spiny frogs
  10 komodo dragons
  11 yaktaurs (Vaults:1)
  An item mimic (Lair:5)
  4 fire drakes
  An efreet (D:14)
  2 freezing wraiths
  10 trolls
  A tengu conjurer (D:13)
  An iron troll skeleton (Vaults:1)
  4 two-headed ogres
  A spriggan druid (Lair:8)
  9 giant leeches
  21 giant fireflies
  18 ravens
  10 bog bodies
  The ghost of aimeelou the Stinger, an average DrVM (D:5)
  A boulder beetle (Lair:8)
  2 brown oozes (D:14)
  11 baby alligators
  9 slime creatures
  10 blink frogs
  6 grizzly bears
  2 trapdoor spiders
  A wraith (D:12)
  2 basilisks
  3 shadows
  5 deep elf magi
  22 spriggans
  3 thorn lotuses
  A hill giant zombie (D:9)
  32 ugly things
  16 hippogriffs
  8 sharks
  2 steam dragons
  3 wargs
  Eustachio (D:8)
  2 hill giant skeletons
  52 yaks
  A deep elf fighter (D:10)
  A spriggan skeleton (Swamp:1)
  58 nagas
  31 wolves
  10 vampire mosquitoes
  2 hungry ghosts
  13 electric eels
  Menkaure (D:7)
  A soldier ant (D:13)
  39 swamp worms
  A raven skeleton (Swamp:1)
  7 porcupines
  A necrophage (D:9)
  A slave (D:7)
  3 phantoms
  2 mottled dragons
  7 black bears
  An orc zombie (Vaults:1)
  8 spiders
  37 water moccasins
  16 swamp drakes
  4 yellow wasps
  2 sky beasts
  18 giant goldfish
  8 ice beasts
  11 ogres
  38 orc warriors
  An alligator simulacrum (Swamp:1)
  12 centaurs
  2 big kobolds
  8 giant slugs
  22 crocodiles
  A human skeleton (Vaults:1)
  A wyvern zombie (D:9)
  12 insubstantial wisps (Swamp:3)
  2 brain worms (Lair:8)
  A spiny frog simulacrum (Swamp:1)
  17 giant frogs
  An eye of draining (D:14)
  A cyclops skeleton (D:12)
  An orc simulacrum (D:15)
  A boulder beetle zombie (D:15)
  2 scorpions
  5 wights (D:10)
  A troll zombie (D:12)
  11 killer bees
  6 crimson imps
  A troll skeleton (D:11)
  3 goliath beetles
  11 hounds
  A human simulacrum (Vaults:1)
  20 orc priests
  A centaur skeleton (D:12)
  6 jellies
  A giant frog skeleton (D:5)
  7 big fish
  A water moccasin simulacrum (Swamp:1)
  8 iguanas
  21 orc wizards
  8 sheep
  8 worker ants
  4 orange rats
  A killer bee zombie (D:13)
  Ijyb (D:3)
  Jessica (D:3)
  A hound zombie (D:11)
  2 big kobold skeletons (D:7)
  6 gnolls
  75 green rats
  A swamp drake skeleton (Swamp:1)
  2 shadow imps
  33 adders
  A white imp (Vaults:1)
  12 worms
  An inept feature mimic (D:9)
  A giant eyeball (D:14)
  An orc skeleton (D:11)
  9 giant geckos
  2 oozes
  161 orcs
  4 giant cockroaches
  28 goblins
  29 hobgoblins
  10 jackals
  9 quokkas
  2 ball pythons (Snake:2)
  33 bats
  8 giant newts
  A hobgoblin zombie (D:5)
  25 kobolds
  A kobold skeleton (D:4)
  31 rats
  A rat skeleton (D:5)
  4 ballistomycetes (D:7)
  9 briar patches
  3 butterflies
  7 fungi
  3 plants
1722 creatures vanquished.

Vanquished Creatures (collateral kills)
  2 greater nagas (Snake:5)
  The ghost of StormDelay the Severer, a powerful HOFi of Okawaru (Lair:2)
  An anaconda (Snake:5)
  A naga sharpshooter (Snake:5)
  A naga mage (Snake:5)
  A troll (D:11)
  Prince Ribbit (Orc:1)
  4 yaks (Lair:6)
  An elephant slug (Lair:8)
  A water moccasin (Snake:5)
  A naga (Snake:5)
  A porcupine (Lair:6)
  An ogre (Orc:1)
  Duvessa (Orc:1)
  A crocodile (D:9)
  A troll skeleton (D:8)
  A goliath beetle (D:9)
  Dowan (Orc:1)
  A hound (Lair:4)
  2 crimson imps
  3 orc wizards (D:8)
  2 orange rats (Lair:4)
  2 adders
  9 green rats
  A giant gecko (Lair:2)
  7 orcs
  2 bats
  A hobgoblin (Orc:1)
  2 jackals (Lair:6)
  A quokka (Lair:6)
  A hobgoblin zombie (D:8)
  A rat (D:8)
57 creatures vanquished.

Vanquished Creatures (others)
  3 water elementals (Swamp:5)
  A giant firefly (Swamp:2)
  48 shadows
  3 slaves (D:7)
  3 big fish (D:7)
  An orc priest (D:10)
  An adder (Lair:8)
  3 orcs (D:7)
  A giant spore (D:7)
  3 ballistomycetes (D:7)
  2 bushes (Lair:8)
  15 fungi
  13 plants
97 creatures vanquished.

Grand Total: 1876 creatures vanquished

Notes
Turn   | Place    | Note
--------------------------------------------------------------
     0 | D:1      | Psiweapon, the Gargoyle Gladiator, began the quest for the Orb.
     0 | D:1      | Reached XP level 1. HP: 12/12 MP: 1/1
   356 | D:1      | Reached XP level 2. HP: 15/17 MP: 2/2
   413 | D:1      | Reached skill level 4 in Staves
   512 | D:1      | Reached XP level 3. HP: 17/21 MP: 3/3
  1122 | D:2      | Reached skill level 5 in Staves
  1134 | D:2      | Reached XP level 4. HP: 26/26 MP: 4/4
  1593 | D:3      | Noticed Jessica
  1596 | D:3      | Killed Jessica
  1640 | D:3      | Found a blossoming altar of Fedhas.
  1648 | D:3      | Noticed Ijyb
  1677 | D:3      | Killed Ijyb
  1677 | D:3      | Reached skill level 6 in Staves
  1677 | D:3      | Reached XP level 5. HP: 30/30 MP: 5/5
  2680 | D:4      | Found a staircase to the Ecumenical Temple.
  2690 | D:4      | Reached skill level 7 in Staves
  2690 | D:4      | Reached XP level 6. HP: 30/35 MP: 6/6
  2696 | Temple   | Entered the Ecumenical Temple
  2739 | Temple   | Became a worshipper of Warmaster Okawaru
  3255 | D:4      | Reached skill level 8 in Staves
  3376 | D:4      | Reached XP level 7. HP: 40/40 MP: 7/7
  3390 | D:4      | Found a radiant altar of Vehumet.
  3492 | D:4      | Found Gruf's Antique Armour Shoppe.
  3649 | D:5      | Entered Level 5 of the Dungeon
  3651 | D:5      | Noticed aimeelou's ghost (average DrVM)
  3684 | D:5      | Killed aimeelou's ghost
  3684 | D:5      | Reached skill level 9 in Staves
  3699 | D:5      | Acquired Okawaru's first power
  3941 | D:5      | Reached skill level 1 in Invocations
  3952 | D:5      | Reached skill level 10 in Staves
  3952 | D:5      | Reached XP level 8. HP: 33/44 MP: 8/10
  3969 | D:5      | Found a glowing silver altar of Zin.
  4054 | D:5      | Reached skill level 1 in Armour
  4169 | D:5      | Found Nyvaqitt's Gadget Shop.
  4778 | D:6      | Found a glowing golden altar of the Shining One.
  4998 | D:7      | Identified a +1 rod of fiery destruction (13/13) (You found it on level 7 of the Dungeon)
  5210 | D:5      | Bought a lantern of shadows for 220 gold pieces
  5341 | D:7      | Noticed Menkaure
  5352 | D:7      | Killed Menkaure
  5578 | D:7      | Reached skill level 5 in Invocations
  5638 | D:7      | Reached XP level 9. HP: 44/48 MP: 17/17
  5657 | D:7      | Reached skill level 5 in Armour
  5670 | D:7      | Noticed Pikel
  5682 | D:7      | Killed Pikel
  6836 | D:7      | Reached XP level 10. HP: 43/53 MP: 21/21
  6858 | D:7      | Reached skill level 1 in Evocations
  7748 | D:8      | Noticed Eustachio
  7767 | D:8      | Killed Eustachio
  8096 | D:9      | Found Ohosiham's Magic Scroll Boutique.
  8097 | D:9      | Found a shattered altar of Ashenzari.
  8119 | D:9      | Bought a scroll of teleportation for 45 gold pieces
  8119 | D:9      | Bought a scroll of magic mapping for 52 gold pieces
  8313 | D:9      | Found a shimmering altar of Xom.
  8399 | D:9      | Found a staircase to the Lair.
  8434 | D:9      | the staircase to the Lair was a mimic.
  9434 | D:9      | Reached skill level 10 in Armour
  9434 | D:9      | Reached skill level 5 in Evocations
  9569 | D:9      | Found Jeleose's Distillery.
  9668 | D:9      | Found a sparkling altar of Nemelex Xobeh.
  9787 | D:10     | Entered Level 10 of the Dungeon
  9981 | D:10     | Noticed Maurice
 10140 | D:10     | Found a staircase to the Lair.
 10157 | Lair:1   | Entered Level 1 of the Lair of Beasts
 10222 | Lair:1   | Upgraded the game from 0.14-a0-3405-g7f0333e to 0.14-a0-3424-g5348755
 10235 | Lair:1   | Reached XP level 11. HP: 58/60 MP: 23/23
 10251 | Lair:1   | Acquired Okawaru's second power
 10658 | Lair:1   | Reached skill level 5 in Fighting
 12344 | Lair:1   | Received a gift from Okawaru
 13494 | Lair:2   | Noticed a six-headed hydra
 13527 | Lair:2   | Killed a six-headed hydra
 13592 | Lair:2   | Noticed StormDelay's ghost (powerful HOFi)
 13613 | Lair:2   | Killed StormDelay's ghost
 14443 | Lair:3   | Found a staircase to the Snake Pit.
 14458 | Lair:3   | Found a shimmering altar of Xom.
 15073 | Lair:4   | Reached XP level 12. HP: 75/75 MP: 24/24
 15346 | Lair:4   | Received a gift from Okawaru
 15347 | Lair:4   | Got a dazzling sling {god gift}
 15350 | Lair:4   | Identified the +3,-1 sling "Ympekogg" {flame, MR+} (Okawaru gifted it to you on level 4 of the Lair of Beasts)
 15445 | Lair:4   | Noticed an eight-headed hydra
 15476 | Lair:4   | Killed an eight-headed hydra
 15967 | Lair:2   | Reached skill level 10 in Evocations
 16535 | Lair:5   | Received a gift from Okawaru
 16828 | Lair:1   | Reached skill level 10 in Fighting
 17304 | Lair:5   | Reached skill level 1 in Crossbows
 17308 | Lair:5   | Noticed Rupert
 17708 | Lair:5   | Paralysed by Rupert for 3 turns
 17753 | Lair:5   | Killed Rupert
 18090 | Lair:5   | Reached skill level 11 in Evocations
 18208 | Lair:5   | Reached XP level 13. HP: 51/83 MP: 27/27
 18653 | Lair:5   | Noticed Snorg
 19004 | Lair:5   | Killed Snorg
 19126 | Lair:5   | Found a staircase to the Swamp.
 20060 | Lair:6   | Reached skill level 5 in Crossbows
 20917 | Lair:6   | Reached skill level 12 in Evocations
 21459 | Lair:6   | Got a polished glaive
 21467 | Lair:6   | Identified the +11,+6 glaive "Jusamieg" {venom, rF+ SInv} (You found it on level 6 of the Lair of Beasts)
 21651 | Lair:7   | Reached skill level 1 in Polearms
 21662 | Lair:7   | Received a gift from Okawaru
 22652 | Lair:8   | Entered Level 8 of the Lair of Beasts
 23111 | Lair:8   | Found a staircase to the Slime Pits.
 23141 | Lair:7   | Gained mutation: Your wings are large and strong. [gargoyle growth]
 23141 | Lair:7   | Reached XP level 14. HP: 64/91 MP: 27/29
 23521 | Lair:8   | Noticed Erica
 23532 | Lair:8   | Killed Erica
 23555 | Lair:7   | Reached skill level 5 in Polearms
 24321 | Lair:8   | Received a gift from Okawaru
 24498 | Lair:8   | Was placed under penance by Okawaru
 24812 | Lair:8   | Reached skill level 13 in Fighting
 25165 | Lair:8   | Was forgiven by Okawaru
 26875 | D:10     | Found a shattered altar of Ashenzari.
 27038 | D:10     | Killed Maurice
 27436 | D:9      | Bought a scroll of identify for 30 gold pieces
 27436 | D:9      | Bought a scroll of identify for 30 gold pieces
 27937 | D:11     | Reached XP level 15. HP: 58/100 MP: 30/30
 28132 | D:11     | Received a gift from Okawaru
 28132 | D:11     | Reached skill level 14 in Fighting
 28150 | D:11     | Identified a +1 cloak of preservation (Okawaru gifted it to you on level 11 of the Dungeon)
 28579 | D:13     | Found Seaq Oru's Weapon Boutique.
 28971 | D:12     | Found a white marble altar of Elyvilon.
 29174 | D:12     | Found a staircase to the Orcish Mines.
 29906 | Lair:1   | Gained mutation: You are partially covered in yellow scales (AC +2). [potion of mutation]
 29906 | Lair:1   | Gained mutation: You have a pair of small antennae on your head. [potion of mutation]
 29907 | Lair:1   | Gained mutation: You are frail (-10% HP). [potion of mutation]
 29907 | Lair:1   | Lost mutation: You are frail (-10% HP). [potion of mutation]
 29907 | Lair:1   | Gained mutation: You are partially covered in slimy green scales (AC +2). [potion of mutation]
 31044 | D:14     | Identified a +0 rod of clouds (11/11) (You found it on level 14 of the Dungeon)
 31408 | Orc:1    | Entered Level 1 of the Orcish Mines
 31457 | Orc:1    | Noticed Dowan
 31459 | Orc:1    | Noticed Duvessa
 31472 | Orc:1    | Killed Dowan
 31494 | Orc:1    | Noticed Prince Ribbit
 31494 | Orc:1    | Killed Duvessa
 31497 | Orc:1    | Killed Prince Ribbit
 32711 | Orc:3    | Found a roughly hewn altar of Beogh.
 33047 | Orc:4    | Entered Level 4 of the Orcish Mines
 33076 | Orc:4    | Found Iclaehud's Antique Armour Emporium.
 33098 | Orc:4    | Found Boeqaklatt's General Store.
 33434 | Orc:4    | Found Fricsenu's Antique Weapon Shop.
 33742 | Orc:4    | Found Psuetae's Jewellery Shop.
 33803 | Orc:4    | Found a staircase to the Elven Halls.
 34679 | Snake:1  | Entered Level 1 of the Snake Pit
 35075 | Snake:1  | Found Optinian's Armour Emporium.
 35264 | Snake:1  | Got a shimmering chain mail
 35275 | Snake:1  | Reached skill level 15 in Fighting
 35876 | Snake:2  | Received a gift from Okawaru
 35892 | Snake:2  | Got a transparent cloak {god gift}
 35908 | Snake:2  | Noticed Jorgrun
 35919 | Snake:2  | Killed Jorgrun
 36156 | Lair:1   | Identified the +1 chain mail "Plog" {Dam-2 SInv Curse} (You found it on level 1 of the Snake Pit)
 36179 | Lair:1   | Identified the +1 cloak "Khicyam" {rPois rF+ rC+ Acc+4} (Okawaru gifted it to you on level 2 of the Snake Pit)
 36549 | Snake:2  | Reached XP level 16. HP: 89/108 MP: 32/32
 37126 | Snake:2  | Noticed ghwc's ghost (powerful MiFi)
 37176 | Snake:2  | Killed ghwc's ghost
 37270 | Snake:2  | Found Iwnappa's Assorted Antiques.
 37611 | Snake:3  | Reached skill level 15 in Staves
 38377 | Snake:3  | Received a gift from Okawaru
 38378 | Snake:3  | Got a twisted cloak {god gift}
 38382 | Snake:3  | Identified the +1 cloak "Creewej" {Dex+2 Acc+3} (Okawaru gifted it to you on level 3 of the Snake Pit)
 38751 | Snake:4  | Noticed Norris
 38767 | Snake:4  | Killed Norris
 38767 | Snake:4  | Reached skill level 16 in Fighting
 39104 | Snake:4  | Reached skill level 15 in Evocations
 40275 | Snake:4  | Received a gift from Okawaru
 40366 | Snake:5  | Entered Level 5 of the Snake Pit
 40895 | Swamp:1  | Entered Level 1 of the Swamp
 41004 | Swamp:1  | Noticed Josephine
 41019 | Swamp:1  | Killed Josephine
 41052 | Swamp:1  | Reached XP level 17. HP: 47/115 MP: 33/33
 41441 | Swamp:1  | Got a brightly glowing spear
 41442 | Swamp:1  | Identified the +6,+2 spear "Kuce" {slay drac, +Fly rF+ Str+3} (You found it on level 1 of the Swamp)
 42064 | Swamp:2  | Noticed omil's ghost (powerful SpVM)
 42097 | Swamp:2  | Killed omil's ghost
 43939 | Swamp:4  | Noticed Aizul
 43960 | Swamp:4  | Killed Aizul
 44746 | D:13     | Received a gift from Okawaru
 44833 | D:13     | Noticed Psyche
 44987 | D:13     | Killed Psyche
 45421 | D:14     | You fall through a shaft!
 45421 | D:15     | Entered Level 15 of the Dungeon
 45421 | D:15     | Found a staircase to the Depths.
 45606 | D:14     | Reached skill level 17 in Staves
 45741 | D:14     | Found a gate to the Vaults.
 45789 | D:14     | Paralysed by a giant eyeball for 4 turns
 46477 | D:14     | Reached XP level 18. HP: 107/120 MP: 35/35
 47863 | Depths:1 | Entered Level 1 of the Depths
 48316 | Depths:1 | Noticed Mara
 48637 | Lair:1   | Upgraded the game from 0.14-a0-3424-g5348755 to 0.14-a0-3445-g2afddda
 49416 | Swamp:4  | Received a gift from Okawaru
 49613 | Swamp:5  | Entered Level 5 of the Swamp
 50624 | Snake:5  | Found Konnal's Assorted Antiques.
 50944 | Snake:5  | Received a gift from Okawaru
 51443 | Snake:5  | Reached skill level 18 in Staves
 51815 | Snake:5  | Reached XP level 19. HP: 98/125 MP: 36/36
 52468 | Snake:5  | Received a gift from Okawaru
 52802 | Snake:5  | Reached skill level 15 in Armour
 53194 | Snake:5  | Got a serpentine rune of Zot
 54368 | Swamp:5  | Noticed Louise
 54397 | Swamp:5  | Killed Louise
 54509 | Swamp:5  | Noticed the 27-headed Lernaean hydra
 54544 | Swamp:5  | Killed the 27-headed Lernaean hydra
 54544 | Swamp:5  | Reached skill level 19 in Staves
 54589 | Swamp:5  | Received a gift from Okawaru
 54688 | Swamp:5  | Got a decaying rune of Zot
 55503 | Vaults:1 | Entered Level 1 of the Vaults
 56034 | Vaults:1 | Reached XP level 20. HP: 86/131 MP: 37/37
 56613 | Vaults:1 | Received a gift from Okawaru
 56775 | Vaults:1 | Got a fine crossbow
 56776 | Vaults:1 | Identified the +7,+7 crossbow "Shyunugu" {frost, -Cast rC+} (You found it on level 1 of the Vaults)
 56856 | Vaults:1 | Noticed Asterion
 56868 | Vaults:1 | Killed from afar by an ogre mage

Action                   |  1- 3 |  4- 6 |  7- 9 | 10-12 | 13-15 | 16-18 | 19-21 || total
-------------------------+-------+-------+-------+-------+-------+-------+-------++-------
Melee: Quarterstaff      |    74 |   377 |   415 |  1312 |   458 |    49 |    17 ||  2702
       Whip              |       |       |     4 |       |       |       |       ||     4
       Lajatang          |       |       |       |       |  1420 |  1467 |   600 ||  3487
       Glaive            |       |       |       |       |    53 |    38 |     7 ||    98
 Fire: Crossbow          |       |       |       |    29 |    12 |    11 |       ||    52
Throw: Throwing net      |     1 |     2 |       |       |     1 |       |       ||     4
       Dart              |       |     1 |     4 |       |     5 |       |     1 ||    11
       Javelin           |       |     8 |    64 |   104 |   120 |    10 |     7 ||   313
       Tomahawk          |       |       |       |       |     7 |       |       ||     7
Invok: Heroism           |       |       |       |    14 |    17 |     8 |     3 ||    42
       Finesse           |       |       |       |     3 |     7 |     1 |     1 ||    12
 Abil: Evoke Flight      |       |       |       |     1 |     2 |       |       ||     3
       Fly               |       |       |       |       |     1 |     2 |     1 ||     4
       Stop Flying       |       |       |       |       |       |     1 |       ||     1
Evoke: Wand              |       |     1 |    10 |    18 |    14 |     6 |     3 ||    52
       Rod               |       |       |     1 |     9 |    23 |    51 |    22 ||   106
       Disc of storms    |       |       |       |     3 |    74 |    16 |       ||    93
       Sack of spiders   |       |       |       |       |     1 |       |       ||     1
       Phial of floods   |       |       |       |       |       |       |     1 ||     1
  Use: Scroll            |       |       |     7 |    11 |    19 |    18 |     3 ||    58
       Potion            |       |       |       |     3 |     7 |     2 |     3 ||    15
 Stab: Held in net/web   |       |     1 |       |       |     1 |       |       ||     2
       Confused          |       |       |     2 |       |       |       |       ||     2
       Paralysed         |       |       |       |       |     2 |       |       ||     2
       Distracted        |       |       |       |       |       |       |     2 ||     2
